 Dungeon Crawl Stone Soup version 0.21.0-3-g78d12a8 (webtiles) character file.

110 inmateoo the Insei (level 4, -2/30 HPs)
             Began as a Barachi Venom Mage on Jan 9, 2018.
             Was an Initiate of Cheibriados.
             Slain by an orc wizard
             ... wielding a +2 dagger of venom
              (4 damage)
             ... on level 2 of the Dungeon.
             The game lasted 00:02:36 (2359 turns).

inmateoo the Insei (Barachi Venom Mage)             Turns: 2359, Time: 00:02:37

Health: -2/30      AC:  3    Str: 11    XL:     4   Next: 91%
Magic:  7/7        EV: 12    Int: 17    God:    Cheibriados [......]
Gold:   96         SH:  0    Dex: 13    Spells: 4/7 levels left

rFire    + . .     SeeInvis .   d - +1 dagger (venom)
rCold    + . .     Gourm    .   (no shield)
rNeg     . . .     Faith    .   a - +0 robe
rPois    +         Spirit   .   o - +1 hat
rElec    +         Reflect  .   (no cloak)
rCorr    +         Harm     .   (no gloves)
MR       .....                  (no boots)
Stlth    ++........             (no amulet)
HPRegen  0.10/turn              (no ring)
MPRegen  0.10/turn              (no ring)

@: lethally poisoned (-2 -> -7), resistant, hasted and slowed, drained, very
slow
A: +LOS, swims, slowness 1, strong legs 1
a: Hop, Bend Time, Renounce Religion


You were on level 2 of the Dungeon.
You worshipped Cheibriados.
Cheibriados was noncommittal.
You were near starving.

You visited 1 branch of the dungeon, and saw 3 of its levels.

You collected 96 gold pieces.

Inventory:

Hand Weapons
 d - a +1 dagger of venom (weapon)
Armour
 a - a +0 robe (worn)
 o - a +1 hat (worn)
Scrolls
 g - a scroll of teleportation {unknown}
 h - 2 scrolls of fear {unknown}
 l - a scroll of identify {unknown}
 m - 2 scrolls of fog {unknown}
 n - a scroll of blinking {unknown}
Potions
 i - a potion of lignification {unknown}
 j - a potion of brilliance {unknown}
 k - a potion of haste
Books
 b - a Young Poisoner's Handbook

   Spells                             Type                      Level
   a - Sting                          Conjuration/Poison           1
   b - Poisonous Vapours              Poison/Air                   2
   c - Mephitic Cloud                 Conjuration/Poison/Air       3
   d - Olgreb's Toxic Radiance        Poison                       4
   e - Venom Bolt                     Conjuration/Poison           5
Comestibles
 c - 6 rations


   Skills:
 - Level 2.1(1.5) Dodging
 - Level 1.7(1.1) Stealth
 + Level 4.8(4.1) Unarmed Combat
 - Level 2.1(1.5) Spellcasting
 - Level 1.1(0.4) Conjurations
 - Level 3.2(2.6) Poison Magic


You had 4 spell levels left.
You knew the following spells:

 Your Spells              Type           Power        Failure   Level  Hunger
a - Sting                 Conj/Pois      #...         11%         1    ##.....
b - Poisonous Vapours     Pois/Air       #.....       19%         2    ###....


Dungeon Overview and Level Annotations

Branches:
Dungeon (3/15)

Altars:
Ashenzari
Cheibriados
Gozag
Kikubaaqudgha
Nemelex Xobeh


Innate Abilities, Weirdness & Mutations

Shadows flee at your approach. (+LOS)
You can swim through water.
You cover ground slowly.
You can hop short distances.


Message History

* * * LOW HITPOINT WARNING * * *
You feel sick.
There is a stone staircase leading down here.
Unknown command.
Unknown command.
Unknown command.
Unknown command.
Okay, then.
It was a potion of resistance.
You feel protected.
* * * LOW HITPOINT WARNING * * *
You feel sick. The orc wizard barely misses you. The orc closely misses you.
The orc wizard hits you with a dagger of venom.
* * * LOW HITPOINT WARNING * * *
It was a potion of haste.
You feel yourself speed up.
Cheibriados forgives your accidental hurry, just this once.
* * * LOW HITPOINT WARNING * * *
You feel sick.
The orc wizard hits you with a dagger of venom.
You die...

# ##..⌠..## #.##.##.#
#
##...#########..#.##.#
#
#####............##.#
#
#..............#.##.#
#
#.#.#####......#..#.#
# #.#.#
###...#.......#
######## #.#.#
#...........###
.......# #.#.#
#o#.#...##.##
######.###.#.#
#@#...).#.##
####.....#.#.#
#o###.##.##
##.........#.# #.#
#.####
##........)#.###>###.#
#....###..........)..#
#....#_#....####.#####
#....#+#.........#
######.###########
#.##.#


You could see an orc wizard and an orc.

Vanquished Creatures
  A worker ant (D:2)
  2 adders (D:2)
  2 worms
  3 dart slugs
  2 leopard geckos
  4 orcs
  A ball python (D:2)
  5 bats
  3 giant cockroaches
  7 goblins
  4 hobgoblins
  4 jackals (D:1)
  2 frilled lizards
  6 kobolds
  2 rats (D:3)
48 creatures vanquished.

Notes
Turn   | Place    | Note
-------+----------+-------------------------------------------
     0 | D:1      | inmateoo the Barachi Venom Mage began the quest for the Orb.
     0 | D:1      | Reached XP level 1. HP: 13/13 MP: 3/3
   234 | D:1      | Reached skill level 1 in Unarmed Combat
   319 | D:1      | Reached XP level 2. HP: 15/19 MP: 5/5
   325 | D:1      | Reached skill level 2 in Unarmed Combat
   333 | D:1      | Learned a level 2 spell: Poisonous Vapours
   835 | D:2      | Found a shattered altar of Ashenzari.
   849 | D:2      | Reached XP level 3. HP: 21/24 MP: 6/6
  1012 | D:2      | Reached skill level 3 in Unarmed Combat
  1170 | D:2      | Found a sparkling altar of Nemelex Xobeh.
  1171 | D:2      | Found an opulent altar of Gozag.
  1267 | D:2      | Reached skill level 4 in Unarmed Combat
  1267 | D:2      | Reached XP level 4. HP: 16/30 MP: 7/7
  1846 | D:3      | Found a snail-covered altar of Cheibriados.
  1846 | D:3      | Found an ancient bone altar of Kikubaaqudgha.
  1850 | D:3      | Became a worshipper of Cheibriados the Contemplative
  2359 | D:2      | Slain by an orc wizard

Skill      XL: |  1  2  3 |
---------------+----------+-----
Unarmed Combat | 1 2 4 |  4.8
Dodging        | |  2.1
Stealth        | |  1.7
Spellcasting   | |  2.1
Conjurations   | |  1.1
Poison Magic   | |  3.2

Action                   |  1- 3 |  4- 6 || total
-------------------------+-------+-------++-------
Melee: Unarmed           |    36 |       ||    36
       Dagger            |    76 |    60 ||   136
 Cast: Sting             |     3 |       ||     3
 Abil: Hop               |       |     2 ||     2
  Use: Potion            |     1 |     3 ||     4
       Scroll            |     1 |       ||     1
 Stab: Sleeping          |     3 |       ||     3
  Eat: Chunk             |     1 |     3 ||     4
Armor: Robe              |    23 |    13 ||    36
Dodge: Dodged            |    73 |    61 ||   134
